Blues vs Canadiens
Created - 22 avril 2013 at 18:58
Goals
|
| Blues |
0 |
1 |
2 |
0 |
3 |
| Canadiens |
2 |
1 |
0 |
1 |
4 |
|
Shots
|
| Blues |
10 |
18 |
15 |
0 |
43 |
| Canadiens |
11 |
10 |
2 |
1 |
24 |
|
1st period
1. Canadiens , Viktor Kozlov 20 (Tomas Holmstrom, Éric Desjardins) at 2:44 (PP)
2. Canadiens , Ryan Bayda 5 (Tyler Arnason, Michel Ouellet) at 15:21
Penalties :
Darcy Hordichuk (STL) for High sticking (Minor) at 2:09, Brent Burns (STL) for Holding (Minor) at 18:02
2nd period
3. Blues , Paul Kariya 37 (Mike Komisarek, Jamie Langenbrunner) at 6:52
4. Canadiens , Michel Ouellet 9 (Jeff Woywitka, Ryan Bayda) at 8:56
Penalties :
Joffrey Lupul (Mon) for Hooking (Minor) at 16:47
3rd period
5. Blues , Maxim Afinogenov 36 (Drew Fata, Darcy Hordichuk) at 15:01
6. Blues , Éric Belanger 12 (Drew Fata, Maxim Afinogenov) at 19:12
Penalties :
Ryan Bayda (Mon) for Interference (Minor) at 1:15, Marek Svatos (Mon) for Hooking (Minor) at 16:49
Overtime #1
7. Canadiens , Ryane Clowe 14 (Tyler Arnason, Mike York) at 0:43
Penalties :
No Penalty
Goalie Stats
Tim Thomas (STL), 20 saves from 24 shots - (0,833), OTL, 20-16-3, 60:31 minutes
Kari Lehtonen (Mon), 40 saves from 43 shots - (0,930), W, 25-22-4, 60:43 minutes
Players Stats for Blues
Player Name G A P +/- PIM S H SB GA TA FO MP PP MP PK MP
------------------------------------------------------------------------------------
Blake Wheeler 0 0 0 -1 0 0 1 1 2 0 0/0 10:56 0:12 0:00
Brent Burns 0 0 0 -1 2 4 0 2 0 0 0/0 23:51 3:34 0:35
Brian Lee 0 0 0 1 0 1 2 0 1 0 0/0 17:32 2:23 0:56
Dan Boyle 0 0 0 -1 0 3 1 1 0 0 0/0 25:34 3:34 0:29
Darcy Hordichuk 0 1 1 0 2 0 2 0 0 0 0/0 16:34 0:00 1:02
Drew Fata 0 2 2 1 0 2 0 1 0 0 0/0 15:10 0:00 1:03
Éric Belanger 1 0 1 0 0 1 0 0 0 0 2/3 9:46 0:12 0:05
François Beauchemin 0 0 0 -1 0 0 0 2 0 1 0/0 21:14 2:23 0:14
Jamie Langenbrunner 0 1 1 0 0 4 2 0 0 0 0/1 19:09 2:39 0:33
Matthew Lombardi 0 0 0 0 0 2 2 1 0 0 5/8 10:37 0:00 0:00
Maxim Afinogenov 1 1 2 1 0 4 3 0 1 1 0/0 19:14 3:06 0:00
Mike Komisarek 0 1 1 1 0 2 3 0 1 1 0/0 18:28 0:00 1:51
Nik Antropov 0 0 0 0 0 3 0 0 1 1 8/14 18:49 3:06 0:33
Paul Kariya 1 0 1 0 0 7 4 0 1 1 5/10 21:42 3:18 1:30
Ryan Malone 0 0 0 0 0 0 1 0 0 0 0/0 13:56 2:39 0:36
Travis Zajac 0 0 0 1 0 1 1 1 0 0 16/21 18:57 2:39 0:00
Vaclav Varada 0 0 0 0 0 5 0 0 0 0 0/0 9:48 0:00 0:49
Ville Peltonen 0 0 0 0 0 4 1 0 0 0 0/0 8:59 0:00 0:00
Players Stats for Canadiens
Player Name G A P +/- PIM S H SB GA TA FO MP PP MP PK MP
------------------------------------------------------------------------------------
Éric Desjardins 0 1 1 0 0 2 2 0 2 4 0/0 27:25 1:44 3:50
Jamie Lundmark 0 0 0 0 0 0 0 0 0 0 4/8 11:39 0:00 0:49
Jeff Woywitka 0 1 1 0 0 1 2 1 0 0 0/0 27:25 1:44 3:50
Joffrey Lupul 0 0 0 0 2 0 2 0 1 1 0/0 11:14 0:04 0:00
Marek Svatos 0 0 0 -3 2 3 3 1 1 0 1/1 18:17 1:22 0:00
Michel Ouellet 1 1 2 2 0 3 1 0 0 0 0/0 9:15 1:08 0:00
Mike York 0 1 1 -2 0 1 1 2 0 0 0/2 22:20 1:22 3:26
Patrick Eaves 0 0 0 0 0 2 3 0 0 0 0/2 14:35 0:00 0:00
Robert Nilsson 0 0 0 -2 0 0 0 1 0 1 11/28 22:20 1:22 3:26
Ryan Bayda 1 1 2 2 2 1 1 0 0 0 0/0 9:35 0:00 0:49
Ryane Clowe 1 0 1 0 0 1 2 0 0 0 1/1 15:07 0:04 0:00
Shane O'Brien 0 0 0 1 0 1 0 1 0 0 0/0 18:21 0:50 2:07
Sheldon Souray 0 0 0 1 0 0 1 0 0 0 0/0 18:21 0:50 2:07
Tomas Holmstrom 0 1 1 0 0 2 2 0 0 0 0/0 14:20 1:08 1:42
Tomas Kloucek 0 0 0 -1 0 0 0 0 0 0 0/0 14:57 0:00 0:00
Tyler Arnason 0 2 2 2 0 2 0 0 1 1 0/1 9:02 0:04 0:00
Tyler Sloan 0 0 0 -1 0 0 1 1 0 0 0/0 14:57 0:00 0:00
Viktor Kozlov 1 0 1 0 0 5 0 1 0 0 4/14 17:42 1:08 1:42
3 Stars
1 - Maxim Afinogenov (STL)
2 - Michel Ouellet (Mon)
3 - Ryan Bayda (Mon)
Power Play
Blues - 0 on 3 Attempt(s) - 0,00%
Canadiens - 1 on 2 Attempt(s) - 50,00%
Penalty Kill
Blues - 1 on 2 Attempt(s) - 50,00%
- Score 0 goal in Penalty Kill
Canadiens - 3 on 3 Attempt(s) - 100,00%
- Score 0 goal in Penalty Kill
Official
Referees : Meier Brad and Rooney Chris
Linesman : Michel Cormier and David Brisebois
Game Notes
No Game Note
Finance
Level 1 -- Attendance: 4211 (70,18%) -- Ticket Income 378 990 $
Level 2 -- Attendance: 3624 (72,48%) -- Ticket Income 199 320 $
Level 3 -- Attendance: 1750 (87,50%) -- Ticket Income 52 500 $
Level 4 -- Attendance: 3723 (93,08%) -- Ticket Income 63 291 $
Luxury Box -- Attendance: 759 (75,90%) -- Ticket Income 136 620 $
Game was played at the Centre Bell
Total Attendance: 14067 (78,15%)
Total Ticket Income: 830 721 $
Other Income: 41 536 $
Total Income: 872 257 $
Blues
5 vs 5 Forward
Center Left Wing Right Wing Time % Phy DF OF
1 Travis Zajac Paul Kariya Jamie Langenbrunner 40 1 2 2
2 Nik Antropov Darcy Hordichuk Maxim Afinogenov 30 1 2 2
3 Matthew Lombardi Ryan Malone Blake Wheeler 20 1 2 2
4 Éric Belanger Ville Peltonen Vaclav Varada 10 1 2 2
5 vs 5 Defense
Defense Defense Time % Phy DF OF
1 Dan Boyle François Beauchemin 40 1 2 2
2 Mike Komisarek Brent Burns 30 1 2 2
3 Brian Lee Drew Fata 20 1 2 2
4 Brent Burns Dan Boyle 10 1 2 2
PowerPlay Forward
Center Left Wing Right Wing Time % Phy DF OF
1 Nik Antropov Paul Kariya Maxim Afinogenov 60 1 2 2
2 Travis Zajac Ryan Malone Jamie Langenbrunner 40 1 2 2
PowerPlay Defense
Defense Defense Time % Phy DF OF
1 Dan Boyle Brent Burns 60 1 2 2
2 Brian Lee François Beauchemin 40 1 2 2
Penalty Kill 4 Players Forward
Center Wing Time % Phy DF OF
1 Paul Kariya Darcy Hordichuk 60 1 2 2
2 Nik Antropov Jamie Langenbrunner 40 1 2 2
Penalty Kill 4 Players Defense
Defense Defense Time % Phy DF OF
1 Brent Burns Mike Komisarek 60 1 2 2
2 François Beauchemin Drew Fata 40 1 2 2
Penalty Kill - 3 Players Forward
Forward Time % Phy DF OF
1 Paul Kariya 60 1 2 2
2 Éric Belanger 40 1 2 2
Penalty Kill - 3 Players Defense
Defense Defense Time % Phy DF OF
1 Drew Fata Mike Komisarek 60 1 2 2
2 Dan Boyle François Beauchemin 40 1 2 2
4 vs 4 Forward
Center Wing Time % Phy DF OF
1 Paul Kariya Maxim Afinogenov 60 1 2 2
2 Nik Antropov Jamie Langenbrunner 40 1 2 2
4 vs 4 Defense
Defense Defense Time % Phy DF OF
1 Dan Boyle Mike Komisarek 60 1 2 2
2 Brent Burns François Beauchemin 40 1 2 2
Last Minutes Offensive
Center Left Wing Right Wing Defense Defense
Travis Zajac Paul Kariya Maxim Afinogenov Dan Boyle Brent Burns
Last Minutes Defensive
Center Left Wing Right Wing Defense Defense
Nik Antropov Paul Kariya Maxim Afinogenov François Beauchemin Mike Komisarek
Goaltenders
Starting : Tim Thomas
Backup : Tuukka Rask
Extra Forwards
Normal : Éric Belanger, Blake Wheeler, Vaclav Varada - PP : Éric Belanger, Blake Wheeler - PK : Vaclav Varada
Extra Defensemen
Normal : François Beauchemin, Drew Fata, Dan Boyle - PP : Mike Komisarek - PK : Drew Fata, Dan Boyle
Penalty Shots
Paul Kariya, Maxim Afinogenov, Nik Antropov, Jamie Langenbrunner, Travis Zajac
Canadiens
5 vs 5 Forward
Center Left Wing Right Wing Time % Phy DF OF
1 Robert Nilsson Mike York Marek Svatos 40 1 2 2
2 Viktor Kozlov Ryane Clowe Patrick Eaves 30 1 2 2
3 Jamie Lundmark Tomas Holmstrom Joffrey Lupul 20 1 2 2
4 Tyler Arnason Ryan Bayda Michel Ouellet 10 1 2 2
5 vs 5 Defense
Defense Defense Time % Phy DF OF
1 Éric Desjardins Jeff Woywitka 40 1 2 2
2 Sheldon Souray Shane O'Brien 30 1 2 2
3 Tomas Kloucek Tyler Sloan 20 1 2 2
4 Éric Desjardins Jeff Woywitka 10 1 2 2
PowerPlay Forward
Center Left Wing Right Wing Time % Phy DF OF
1 Robert Nilsson Mike York Marek Svatos 60 1 2 2
2 Viktor Kozlov Tomas Holmstrom Michel Ouellet 40 1 2 2
PowerPlay Defense
Defense Defense Time % Phy DF OF
1 Éric Desjardins Jeff Woywitka 60 1 2 2
2 Sheldon Souray Shane O'Brien 40 1 2 2
Penalty Kill 4 Players Forward
Center Wing Time % Phy DF OF
1 Robert Nilsson Mike York 60 1 2 2
2 Viktor Kozlov Tomas Holmstrom 40 1 2 2
Penalty Kill 4 Players Defense
Defense Defense Time % Phy DF OF
1 Éric Desjardins Jeff Woywitka 60 1 2 2
2 Sheldon Souray Shane O'Brien 40 1 2 2
Penalty Kill - 3 Players Forward
Forward Time % Phy DF OF
1 Robert Nilsson 60 1 2 2
2 Mike York 40 1 2 2
Penalty Kill - 3 Players Defense
Defense Defense Time % Phy DF OF
1 Éric Desjardins Jeff Woywitka 60 1 2 2
2 Sheldon Souray Shane O'Brien 40 1 2 2
4 vs 4 Forward
Center Wing Time % Phy DF OF
1 Robert Nilsson Mike York 60 1 2 2
2 Viktor Kozlov Tomas Holmstrom 40 1 2 2
4 vs 4 Defense
Defense Defense Time % Phy DF OF
1 Éric Desjardins Jeff Woywitka 60 1 2 2
2 Sheldon Souray Shane O'Brien 40 1 2 2
Last Minutes Offensive
Center Left Wing Right Wing Defense Defense
Robert Nilsson Mike York Marek Svatos Éric Desjardins Jeff Woywitka
Last Minutes Defensive
Center Left Wing Right Wing Defense Defense
Robert Nilsson Mike York Marek Svatos Éric Desjardins Jeff Woywitka
Goaltenders
Starting : Kari Lehtonen
Backup : Mikael Tellqvist
Extra Forwards
Normal : Tyler Arnason, Ryane Clowe, Jamie Lundmark - PP : Tyler Arnason, Ryane Clowe - PK : Jamie Lundmark
Extra Defensemen
Normal : Sheldon Souray, Éric Desjardins, Tyler Sloan - PP : Sheldon Souray - PK : Sheldon Souray, Tyler Sloan
Penalty Shots
Robert Nilsson, Mike York, Viktor Kozlov, Tomas Holmstrom, Tyler Arnason
% Time on Ice - Blues
Lines # - Real PCT - Wanted PCT - Time Play
Normal Forward
1 - 32% - 40% - 16:18
2 - 30% - 30% - 15:13
3 - 21% - 20% - 10:37
4 - 18% - 10% - 8:59
Normal Defense
1 - 36% - 40% - 18:21
2 - 32% - 30% - 16:09
3 - 26% - 20% - 13:10
4 - 7% - 10% - 3:27
PP Forward
1 - 55% - 60% - 3:18
2 - 45% - 40% - 2:39
PP Defense
1 - 60% - 60% - 3:34
2 - 40% - 40% - 2:23
PK Forward
1 - 79% - 60% - 2:01
2 - 21% - 40% - 0:33
PK Defense
1 - 91% - 60% - 2:20
2 - 9% - 40% - 0:14
PK3 Forward
1 - 0% - 60%
2 - 0% - 40%
PK3 Defense
1 - 0% - 60%
2 - 0% - 40%
44 Forward
1 - 100% - 60% - 0:43
2 - 0% - 40% - 0:00
44 Defense
1 - 60% - 60% - 0:26
2 - 40% - 40% - 0:17
Last Minute Offensive - 0:22
Last Minute Defensive - 0:00
Total
Forward - 60:43
Defense - 60:43
|
% Time on Ice - Canadiens
Lines # - Real PCT - Wanted PCT - Time Play
Normal Forward
1 - 33% - 40% - 16:56
2 - 30% - 30% - 15:15
3 - 21% - 20% - 10:50
4 - 16% - 10% - 8:07
Normal Defense
1 - 36% - 40% - 18:39
2 - 30% - 30% - 15:24
3 - 29% - 20% - 14:57
4 - 4% - 10% - 2:08
PP Forward
1 - 56% - 60% - 1:26
2 - 44% - 40% - 1:08
PP Defense
1 - 68% - 60% - 1:44
2 - 32% - 40% - 0:50
PK Forward
1 - 71% - 60% - 4:15
2 - 29% - 40% - 1:42
PK Defense
1 - 64% - 60% - 3:50
2 - 36% - 40% - 2:07
PK3 Forward
1 - 0% - 60%
2 - 0% - 40%
PK3 Defense
1 - 0% - 60%
2 - 0% - 40%
44 Forward
1 - 100% - 60% - 0:43
2 - 0% - 40% - 0:00
44 Defense
1 - 100% - 60% - 0:43
2 - 0% - 40% - 0:00
Last Minute Offensive - 0:00
Last Minute Defensive - 0:21
Total
Forward - 60:43
Defense - 60:43
|
Play by Play
1st period
0:01 of 1st period - Robert Nilsson wins face-off versus Jamie Langenbrunner in neutral zone.
0:04 of 1st period - Snap shot by Marek Svatos.
0:04 of 1st period - Shot Hit the Post.
0:06 of 1st period - Snap shot by Marek Svatos.
0:06 of 1st period - Deflect By Robert Nilsson.
0:06 of 1st period - Shot Misses the Net.
0:06 of 1st period - Puck is out of play.
0:07 of 1st period - Travis Zajac wins face-off versus Robert Nilsson in Blues zone.
0:07 of 1st period - Travis Zajac is hit by Marek Svatos.
0:19 of 1st period - Snap shot by Paul Kariya.
0:19 of 1st period - Stopped by Kari Lehtonen with a rebound.
0:38 of 1st period - Nik Antropov is hit by Patrick Eaves and loses puck.
1:39 of 1st period - Slapshot by Marek Svatos.
1:39 of 1st period - Stopped by Tim Thomas without a rebound.
1:40 of 1st period - Travis Zajac wins face-off versus Viktor Kozlov in Blues zone.
1:40 of 1st period - Travis Zajac is hit by Patrick Eaves.
1:54 of 1st period - Wrist shot by Viktor Kozlov.
1:54 of 1st period - Stopped by Tim Thomas without a rebound.
1:55 of 1st period - Robert Nilsson wins face-off versus Nik Antropov in Blues zone.
2:09 of 1st period - Minor Penalty to Darcy Hordichuk for High sticking.
2:10 of 1st period - Paul Kariya wins face-off versus Robert Nilsson in Blues zone.
2:35 of 1st period - Tomas Holmstrom is hit by Paul Kariya and loses puck.
2:44 of 1st period - Slapshot by Viktor Kozlov.
2:44 of 1st period - Goal by Viktor Kozlov - Blues : 0 - Canadiens : 1.
2:45 of 1st period - Nik Antropov wins face-off versus Jamie Lundmark in neutral zone.
3:36 of 1st period - Shane O'Brien is hit by Brian Lee and loses puck.
3:41 of 1st period - Snap shot by Vaclav Varada.
3:41 of 1st period - Stopped by Kari Lehtonen with a rebound.
3:43 of 1st period - Slapshot by Mike Komisarek.
3:43 of 1st period - Stopped by Kari Lehtonen with a rebound.
3:45 of 1st period - Slapshot by Brent Burns.
3:45 of 1st period - Stopped by Kari Lehtonen without a rebound.
3:46 of 1st period - Viktor Kozlov wins face-off versus Matthew Lombardi in Canadiens zone.
3:55 of 1st period - Wrist shot by Ryane Clowe.
3:55 of 1st period - Deflect By Viktor Kozlov.
3:55 of 1st period - Stopped by Tim Thomas with a rebound.
4:11 of 1st period - Mike Komisarek is hit by Tomas Holmstrom.
4:22 of 1st period - Paul Kariya is hit by Joffrey Lupul and loses puck.
4:35 of 1st period - Wrist shot by Nik Antropov.
4:35 of 1st period - Shot Misses the Net.
4:37 of 1st period - Slapshot by Drew Fata.
4:37 of 1st period - Stopped by Kari Lehtonen with a rebound.
5:01 of 1st period - Snap shot by Viktor Kozlov.
5:01 of 1st period - Stopped by Tim Thomas without a rebound.
5:02 of 1st period - Paul Kariya wins face-off versus Robert Nilsson in Blues zone.
5:02 of 1st period - Paul Kariya is hit by Marek Svatos.
5:28 of 1st period - Shane O'Brien is hit by Maxim Afinogenov and loses puck.
5:53 of 1st period - Blake Wheeler is hit by Joffrey Lupul and loses puck.
6:00 of 1st period - Éric Desjardins is hit by Dan Boyle and loses puck.
6:15 of 1st period - Wrist shot by Tyler Arnason.
6:15 of 1st period - Stopped by Tim Thomas with a rebound.
6:55 of 1st period - Backhand shot by Travis Zajac.
6:55 of 1st period - Shot Blocked by Tyler Sloan.
6:57 of 1st period - Slapshot by François Beauchemin.
6:57 of 1st period - Deflect By Travis Zajac.
6:57 of 1st period - Shot Misses the Net.
6:57 of 1st period - Puck is out of play.
6:58 of 1st period - Travis Zajac wins face-off versus Viktor Kozlov in Canadiens zone.
7:35 of 1st period - Wrist shot by Paul Kariya.
7:35 of 1st period - Shot Misses the Net.
8:04 of 1st period - Wrist shot by Travis Zajac.
8:04 of 1st period - Stopped by Kari Lehtonen without a rebound.
8:05 of 1st period - Nik Antropov wins face-off versus Robert Nilsson in Canadiens zone.
8:36 of 1st period - Off-side.
8:37 of 1st period - Nik Antropov wins face-off versus Jamie Lundmark in neutral zone.
9:02 of 1st period - Tyler Sloan is hit by Matthew Lombardi and loses puck.
10:03 of 1st period - Backhand shot by Maxim Afinogenov.
10:03 of 1st period - Shot Misses the Net.
10:27 of 1st period - Tomas Holmstrom is hit by Mike Komisarek and loses puck.
10:38 of 1st period - Brent Burns is hit by Tomas Holmstrom.
10:55 of 1st period - Off-side.
10:56 of 1st period - Nik Antropov wins face-off versus Robert Nilsson in neutral zone.
10:59 of 1st period - Mike York is hit by Maxim Afinogenov and loses puck.
11:44 of 1st period - Slapshot by Patrick Eaves.
11:44 of 1st period - Stopped by Tim Thomas without a rebound.
11:45 of 1st period - Matthew Lombardi wins face-off versus Tyler Arnason in Blues zone.
11:58 of 1st period - Slapshot by Tyler Arnason.
11:58 of 1st period - Shot Blocked by Matthew Lombardi.
12:00 of 1st period - Slapshot by Tomas Kloucek.
12:00 of 1st period - Shot Blocked by Blake Wheeler.
12:10 of 1st period - Wrist shot by Paul Kariya.
12:10 of 1st period - Shot Misses the Net.
12:16 of 1st period - Snap shot by Jamie Langenbrunner.
12:16 of 1st period - Shot Misses the Net.
12:38 of 1st period - Snap shot by Patrick Eaves.
12:38 of 1st period - Shot Misses the Net.
12:40 of 1st period - Slapshot by Tomas Kloucek.
12:40 of 1st period - Shot Blocked by François Beauchemin.
12:42 of 1st period - Snap shot by Ryane Clowe.
12:42 of 1st period - Shot Misses the Net.
13:26 of 1st period - Snap shot by Maxim Afinogenov.
13:26 of 1st period - Stopped by Kari Lehtonen with a rebound.
13:32 of 1st period - Wrist shot by Nik Antropov.
13:32 of 1st period - Stopped by Kari Lehtonen without a rebound.
13:33 of 1st period - Robert Nilsson wins face-off versus Travis Zajac in Canadiens zone.
13:42 of 1st period - Snap shot by Robert Nilsson.
13:42 of 1st period - Shot Misses the Net.
14:18 of 1st period - Snap shot by Travis Zajac.
14:18 of 1st period - Shot Blocked by Shane O'Brien.
14:20 of 1st period - Slapshot by Jamie Langenbrunner.
14:20 of 1st period - Stopped by Kari Lehtonen with a rebound.
14:38 of 1st period - Snap shot by Tyler Arnason.
14:38 of 1st period - Shot Misses the Net.
14:59 of 1st period - Snap shot by Tyler Arnason.
14:59 of 1st period - Stopped by Tim Thomas with a rebound.
15:01 of 1st period - Slapshot by Sheldon Souray.
15:01 of 1st period - Shot Misses the Net.
15:03 of 1st period - Wrist shot by Tyler Arnason.
15:03 of 1st period - Shot Blocked by Drew Fata.
15:05 of 1st period - Snap shot by Tyler Arnason.
15:05 of 1st period - Shot Hit the Post.
15:21 of 1st period - Wrist shot by Ryan Bayda.
15:21 of 1st period - Goal by Ryan Bayda - Blues : 0 - Canadiens : 2.
15:22 of 1st period - Robert Nilsson wins face-off versus Matthew Lombardi in neutral zone.
15:29 of 1st period - Wrist shot by Marek Svatos.
15:29 of 1st period - Shot Misses the Net.
17:04 of 1st period - Viktor Kozlov is hit by Matthew Lombardi and loses puck.
17:32 of 1st period - Slapshot by Mike Komisarek.
17:32 of 1st period - Stopped by Kari Lehtonen without a rebound.
17:33 of 1st period - Éric Belanger wins face-off versus Robert Nilsson in Canadiens zone.
17:34 of 1st period - Slapshot by Dan Boyle.
17:34 of 1st period - Shot Misses the Net.
17:48 of 1st period - Snap shot by Mike York.
17:48 of 1st period - Stopped by Tim Thomas without a rebound.
17:49 of 1st period - Travis Zajac wins face-off versus Viktor Kozlov in Blues zone.
17:49 of 1st period - Travis Zajac is hit by Ryane Clowe.
18:02 of 1st period - Minor Penalty to Brent Burns for Holding.
18:03 of 1st period - Robert Nilsson wins face-off versus Paul Kariya in Blues zone.
18:16 of 1st period - Backhand shot by Marek Svatos.
18:16 of 1st period - Stopped by Tim Thomas with a rebound.
18:38 of 1st period - Wrist shot by Viktor Kozlov.
18:38 of 1st period - Shot Misses the Net.
18:40 of 1st period - Slapshot by Éric Desjardins.
18:40 of 1st period - Shot Misses the Net.
18:42 of 1st period - Slapshot by Éric Desjardins.
18:42 of 1st period - Shot Misses the Net.
2nd period
0:01 of 2nd period - Paul Kariya wins face-off versus Robert Nilsson in neutral zone.
0:02 of 2nd period - Penalty to Brent Burns is over, Brent Burns is back on ice.
0:05 of 2nd period - Off-side.
0:06 of 2nd period - Paul Kariya wins face-off versus Robert Nilsson in neutral zone.
0:57 of 2nd period - Wrist shot by Viktor Kozlov.
0:57 of 2nd period - Deflect By Patrick Eaves.
0:57 of 2nd period - Shot Misses the Net.
0:57 of 2nd period - Puck is out of play.
0:58 of 2nd period - Travis Zajac wins face-off versus Robert Nilsson in Blues zone.
1:03 of 2nd period - Marek Svatos is hit by Paul Kariya and loses puck.
1:09 of 2nd period - Shane O'Brien is hit by Travis Zajac.
1:11 of 2nd period - Snap shot by Robert Nilsson.
1:11 of 2nd period - Shot Blocked by Travis Zajac.
1:32 of 2nd period - Backhand shot by Maxim Afinogenov.
1:32 of 2nd period - Stopped by Kari Lehtonen without a rebound.
1:33 of 2nd period - Matthew Lombardi wins face-off versus Robert Nilsson in Canadiens zone.
1:38 of 2nd period - Wrist shot by Matthew Lombardi.
1:38 of 2nd period - Stopped by Kari Lehtonen with a rebound.
1:58 of 2nd period - Mike Komisarek is hit by Jeff Woywitka and loses puck.
2:21 of 2nd period - Snap shot by Tomas Holmstrom.
2:21 of 2nd period - Stopped by Tim Thomas without a rebound.
2:22 of 2nd period - Jamie Lundmark wins face-off versus Travis Zajac in Blues zone.
2:31 of 2nd period - Snap shot by Jamie Langenbrunner.
2:31 of 2nd period - Shot Misses the Net.
2:47 of 2nd period - Tyler Sloan is hit by Maxim Afinogenov.
3:35 of 2nd period - Wrist shot by Michel Ouellet.
3:35 of 2nd period - Stopped by Tim Thomas with a rebound.
4:29 of 2nd period - Ryan Malone is hit by Patrick Eaves and loses puck.
4:40 of 2nd period - Wrist shot by Patrick Eaves.
4:40 of 2nd period - Stopped by Tim Thomas with a rebound.
4:55 of 2nd period - Éric Belanger is hit by Michel Ouellet and loses puck.
5:10 of 2nd period - Éric Belanger is hit by Mike York and loses puck.
5:21 of 2nd period - Slapshot by Drew Fata.
5:21 of 2nd period - Stopped by Kari Lehtonen without a rebound.
5:22 of 2nd period - Travis Zajac wins face-off versus Viktor Kozlov in Canadiens zone.
5:49 of 2nd period - Mike York is hit by Darcy Hordichuk and loses puck.
6:36 of 2nd period - Snap shot by Vaclav Varada.
6:36 of 2nd period - Deflect By Ville Peltonen.
6:36 of 2nd period - Stopped by Kari Lehtonen without a rebound.
6:37 of 2nd period - Robert Nilsson wins face-off versus Paul Kariya in Canadiens zone.
6:44 of 2nd period - Snap shot by Paul Kariya.
6:44 of 2nd period - Shot Misses the Net.
6:46 of 2nd period - Wrist shot by Jamie Langenbrunner.
6:46 of 2nd period - Shot Blocked by Mike York.
6:48 of 2nd period - Slapshot by Mike Komisarek.
6:48 of 2nd period - Shot Misses the Net.
6:50 of 2nd period - Slapshot by Paul Kariya.
6:50 of 2nd period - Stopped by Kari Lehtonen with a rebound.
6:52 of 2nd period - Slapshot by Paul Kariya.
6:52 of 2nd period - Goal by Paul Kariya - Blues : 1 - Canadiens : 2.
6:53 of 2nd period - Travis Zajac wins face-off versus Robert Nilsson in neutral zone.
7:04 of 2nd period - Wrist shot by Jamie Langenbrunner.
7:04 of 2nd period - Stopped by Kari Lehtonen with a rebound.
7:18 of 2nd period - Jamie Langenbrunner is hit by Éric Desjardins.
7:24 of 2nd period - Slapshot by Paul Kariya.
7:24 of 2nd period - Stopped by Kari Lehtonen without a rebound.
7:25 of 2nd period - Jamie Lundmark wins face-off versus Nik Antropov in Canadiens zone.
7:29 of 2nd period - Off-side.
7:30 of 2nd period - Nik Antropov wins face-off versus Mike York in neutral zone.
7:33 of 2nd period - Slapshot by Dan Boyle.
7:33 of 2nd period - Stopped by Kari Lehtonen with a rebound.
8:50 of 2nd period - Wrist shot by Ryan Bayda.
8:50 of 2nd period - Shot Blocked by Dan Boyle.
8:52 of 2nd period - Slapshot by Michel Ouellet.
8:52 of 2nd period - Shot Blocked by Brent Burns.
8:54 of 2nd period - Slapshot by Jeff Woywitka.
8:54 of 2nd period - Stopped by Tim Thomas with a rebound.
8:56 of 2nd period - Wrist shot by Michel Ouellet.
8:56 of 2nd period - Goal by Michel Ouellet - Blues : 1 - Canadiens : 3.
8:57 of 2nd period - Travis Zajac wins face-off versus Robert Nilsson in neutral zone.
9:22 of 2nd period - Viktor Kozlov is hit by Ryan Malone and loses puck.
9:45 of 2nd period - Slapshot by Brian Lee.
9:45 of 2nd period - Deflect By Tomas Holmstrom.
9:45 of 2nd period - Stopped by Kari Lehtonen with a rebound.
9:47 of 2nd period - Snap shot by Vaclav Varada.
9:47 of 2nd period - Stopped by Kari Lehtonen without a rebound.
9:48 of 2nd period - Marek Svatos wins face-off versus Éric Belanger in Canadiens zone.
10:02 of 2nd period - Off-side.
10:03 of 2nd period - Travis Zajac wins face-off versus Patrick Eaves in neutral zone.
10:38 of 2nd period - Icing by Nik Antropov.
10:39 of 2nd period - Robert Nilsson wins face-off versus Nik Antropov in Blues zone.
10:50 of 2nd period - Snap shot by Maxim Afinogenov.
10:50 of 2nd period - Deflect By Robert Nilsson.
10:50 of 2nd period - Stopped by Kari Lehtonen with a rebound.
11:41 of 2nd period - Tomas Kloucek is hit by Darcy Hordichuk and loses puck.
12:22 of 2nd period - Wrist shot by Nik Antropov.
12:22 of 2nd period - Stopped by Kari Lehtonen with a rebound.
12:24 of 2nd period - Slapshot by Mike Komisarek.
12:24 of 2nd period - Shot Misses the Net.
12:26 of 2nd period - Slapshot by Brent Burns.
12:26 of 2nd period - Deflect By Robert Nilsson.
12:26 of 2nd period - Stopped by Kari Lehtonen without a rebound.
12:27 of 2nd period - Travis Zajac wins face-off versus Patrick Eaves in Canadiens zone.
12:28 of 2nd period - Snap shot by Paul Kariya.
12:28 of 2nd period - Stopped by Kari Lehtonen without a rebound.
12:29 of 2nd period - Travis Zajac wins face-off versus Viktor Kozlov in Canadiens zone.
12:30 of 2nd period - Wrist shot by Jamie Langenbrunner.
12:30 of 2nd period - Stopped by Kari Lehtonen without a rebound.
12:31 of 2nd period - Ryane Clowe wins face-off versus Paul Kariya in Canadiens zone.
12:31 of 2nd period - Ryane Clowe is hit by Jamie Langenbrunner.
12:43 of 2nd period - Snap shot by Travis Zajac.
12:43 of 2nd period - Shot Blocked by Viktor Kozlov.
13:01 of 2nd period - Slapshot by Tomas Holmstrom.
13:01 of 2nd period - Stopped by Tim Thomas with a rebound.
13:03 of 2nd period - Slapshot by Éric Desjardins.
13:03 of 2nd period - Shot Blocked by François Beauchemin.
13:05 of 2nd period - Slapshot by Éric Desjardins.
13:05 of 2nd period - Stopped by Tim Thomas with a rebound.
13:07 of 2nd period - Snap shot by Joffrey Lupul.
13:07 of 2nd period - Shot Misses the Net.
13:09 of 2nd period - Slapshot by Jeff Woywitka.
13:09 of 2nd period - Shot Misses the Net.
13:23 of 2nd period - Michel Ouellet is hit by Ville Peltonen and loses puck.
13:38 of 2nd period - Éric Belanger is hit by Ryane Clowe and loses puck.
13:52 of 2nd period - Off-side.
13:53 of 2nd period - Jamie Lundmark wins face-off versus Travis Zajac in neutral zone.
14:27 of 2nd period - Drew Fata is hit by Jeff Woywitka and loses puck.
14:42 of 2nd period - Slapshot by Éric Desjardins.
14:42 of 2nd period - Stopped by Tim Thomas without a rebound.
14:43 of 2nd period - Matthew Lombardi wins face-off versus Robert Nilsson in Blues zone.
16:03 of 2nd period - Wrist shot by Robert Nilsson.
16:03 of 2nd period - Shot Misses the Net.
16:05 of 2nd period - Slapshot by Viktor Kozlov.
16:05 of 2nd period - Deflect By Patrick Eaves.
16:05 of 2nd period - Shot Misses the Net.
16:05 of 2nd period - Puck is out of play.
16:06 of 2nd period - Viktor Kozlov wins face-off versus Travis Zajac in Blues zone.
16:11 of 2nd period - Snap shot by Viktor Kozlov.
16:11 of 2nd period - Stopped by Tim Thomas with a rebound.
16:39 of 2nd period - Blake Wheeler is hit by Marek Svatos and loses puck.
16:47 of 2nd period - Minor Penalty to Joffrey Lupul for Hooking.
16:48 of 2nd period - Robert Nilsson wins face-off versus Nik Antropov in Canadiens zone.
17:41 of 2nd period - Icing by François Beauchemin.
17:42 of 2nd period - Paul Kariya wins face-off versus Mike York in Blues zone.
18:47 of 2nd period - Penalty to Joffrey Lupul is over, Joffrey Lupul is back on ice.
19:41 of 2nd period - Wrist shot by Michel Ouellet.
19:41 of 2nd period - Stopped by Tim Thomas without a rebound.
19:42 of 2nd period - Éric Belanger wins face-off versus Viktor Kozlov in Blues zone.
19:47 of 2nd period - Snap shot by Vaclav Varada.
19:47 of 2nd period - Stopped by Kari Lehtonen with a rebound.
19:49 of 2nd period - Snap shot by Ville Peltonen.
19:49 of 2nd period - Stopped by Kari Lehtonen with a rebound.
3rd period
0:01 of 3rd period - Robert Nilsson wins face-off versus Travis Zajac in neutral zone.
0:43 of 3rd period - Snap shot by Robert Nilsson.
0:43 of 3rd period - Shot Misses the Net.
0:45 of 3rd period - Slapshot by Shane O'Brien.
0:45 of 3rd period - Stopped by Tim Thomas with a rebound.
0:47 of 3rd period - Snap shot by Marek Svatos.
0:47 of 3rd period - Stopped by Tim Thomas without a rebound.
0:48 of 3rd period - Viktor Kozlov wins face-off versus Nik Antropov in Blues zone.
1:13 of 3rd period - Nik Antropov is hit by Ryan Bayda and loses puck.
1:15 of 3rd period - Minor Penalty to Ryan Bayda for Interference.
1:16 of 3rd period - Robert Nilsson wins face-off versus Paul Kariya in Canadiens zone.
1:50 of 3rd period - Off-side.
1:51 of 3rd period - Travis Zajac wins face-off versus Viktor Kozlov in neutral zone.
1:58 of 3rd period - Wrist shot by Jamie Langenbrunner.
1:58 of 3rd period - Stopped by Kari Lehtonen without a rebound.
1:59 of 3rd period - Nik Antropov wins face-off versus Viktor Kozlov in Canadiens zone.
2:30 of 3rd period - Icing by François Beauchemin.
2:31 of 3rd period - Travis Zajac wins face-off versus Robert Nilsson in Blues zone.
2:37 of 3rd period - Off-side.
2:38 of 3rd period - Nik Antropov wins face-off versus Robert Nilsson in neutral zone.
3:15 of 3rd period - Penalty to Ryan Bayda is over, Ryan Bayda is back on ice.
4:14 of 3rd period - Slapshot by Brent Burns.
4:14 of 3rd period - Shot Misses the Net.
4:16 of 3rd period - Slapshot by Brent Burns.
4:16 of 3rd period - Stopped by Kari Lehtonen with a rebound.
5:16 of 3rd period - Snap shot by Blake Wheeler.
5:16 of 3rd period - Shot Misses the Net.
5:35 of 3rd period - Snap shot by Tomas Holmstrom.
5:35 of 3rd period - Shot Hit the Post.
5:49 of 3rd period - Wrist shot by Ville Peltonen.
5:49 of 3rd period - Stopped by Kari Lehtonen with a rebound.
5:51 of 3rd period - Slapshot by Vaclav Varada.
5:51 of 3rd period - Stopped by Kari Lehtonen with a rebound.
5:53 of 3rd period - Wrist shot by Ville Peltonen.
5:53 of 3rd period - Shot Blocked by Mike York.
5:59 of 3rd period - Snap shot by Ville Peltonen.
5:59 of 3rd period - Shot Blocked by Marek Svatos.
6:13 of 3rd period - François Beauchemin is hit by Sheldon Souray.
6:19 of 3rd period - Icing by Darcy Hordichuk.
6:20 of 3rd period - Viktor Kozlov wins face-off versus Nik Antropov in Blues zone.
7:06 of 3rd period - Snap shot by Nik Antropov.
7:06 of 3rd period - Stopped by Kari Lehtonen without a rebound.
7:07 of 3rd period - Travis Zajac wins face-off versus Viktor Kozlov in Canadiens zone.
7:32 of 3rd period - Wrist shot by Paul Kariya.
7:32 of 3rd period - Stopped by Kari Lehtonen without a rebound.
7:33 of 3rd period - Matthew Lombardi wins face-off versus Jamie Lundmark in Canadiens zone.
7:40 of 3rd period - Snap shot by Blake Wheeler.
7:40 of 3rd period - Shot Misses the Net.
9:10 of 3rd period - Snap shot by Ryan Malone.
9:10 of 3rd period - Shot Misses the Net.
10:17 of 3rd period - Snap shot by Vaclav Varada.
10:17 of 3rd period - Stopped by Kari Lehtonen with a rebound.
10:19 of 3rd period - Slapshot by Dan Boyle.
10:19 of 3rd period - Stopped by Kari Lehtonen with a rebound.
10:21 of 3rd period - Wrist shot by Ville Peltonen.
10:21 of 3rd period - Stopped by Kari Lehtonen without a rebound.
10:22 of 3rd period - Travis Zajac wins face-off versus Viktor Kozlov in Canadiens zone.
10:33 of 3rd period - Slapshot by Sheldon Souray.
10:33 of 3rd period - Shot Misses the Net.
10:39 of 3rd period - Viktor Kozlov is hit by Mike Komisarek and loses puck.
11:18 of 3rd period - Shane O'Brien is hit by Blake Wheeler and loses puck.
11:55 of 3rd period - Marek Svatos is hit by Paul Kariya and loses puck.
12:21 of 3rd period - Snap shot by Viktor Kozlov.
12:21 of 3rd period - Shot Misses the Net.
12:23 of 3rd period - Snap shot by Tomas Kloucek.
12:23 of 3rd period - Shot Blocked by Brent Burns.
12:33 of 3rd period - Éric Desjardins is hit by Mike Komisarek and loses puck.
13:12 of 3rd period - Robert Nilsson is hit by Jamie Langenbrunner and loses puck.
13:19 of 3rd period - François Beauchemin is hit by Tyler Sloan and loses puck.
13:30 of 3rd period - Slapshot by Dan Boyle.
13:30 of 3rd period - Stopped by Kari Lehtonen with a rebound.
13:38 of 3rd period - Slapshot by Nik Antropov.
13:38 of 3rd period - Shot Misses the Net.
13:50 of 3rd period - Slapshot by Brent Burns.
13:50 of 3rd period - Stopped by Kari Lehtonen with a rebound.
14:55 of 3rd period - Darcy Hordichuk is hit by Éric Desjardins.
15:01 of 3rd period - Slapshot by Drew Fata.
15:01 of 3rd period - Deflect By Maxim Afinogenov.
15:01 of 3rd period - Goal by Maxim Afinogenov - Blues : 2 - Canadiens : 3.
15:02 of 3rd period - Matthew Lombardi wins face-off versus Jamie Lundmark in neutral zone.
15:17 of 3rd period - Backhand shot by Matthew Lombardi.
15:17 of 3rd period - Stopped by Kari Lehtonen without a rebound.
15:18 of 3rd period - Travis Zajac wins face-off versus Robert Nilsson in Canadiens zone.
15:21 of 3rd period - Snap shot by Jamie Langenbrunner.
15:21 of 3rd period - Shot Misses the Net.
15:23 of 3rd period - Wrist shot by Jamie Langenbrunner.
15:23 of 3rd period - Shot Blocked by Robert Nilsson.
15:25 of 3rd period - Snap shot by Travis Zajac.
15:25 of 3rd period - Shot Blocked by Jeff Woywitka.
16:49 of 3rd period - Wrist shot by Paul Kariya.
16:49 of 3rd period - Stopped by Kari Lehtonen without a rebound.
16:49 of 3rd period - Minor Penalty to Marek Svatos for Hooking.
16:50 of 3rd period - Nik Antropov wins face-off versus Robert Nilsson in Canadiens zone.
18:49 of 3rd period - Penalty to Marek Svatos is over, Marek Svatos is back on ice.
18:57 of 3rd period - Marek Svatos is hit by Brian Lee and loses puck.
19:00 of 3rd period - Blues, Tim Thomas is pulled from the net.
19:08 of 3rd period - Snap shot by Maxim Afinogenov.
19:08 of 3rd period - Shot Misses the Net.
19:10 of 3rd period - Wrist shot by Drew Fata.
19:10 of 3rd period - Shot Misses the Net.
19:12 of 3rd period - Snap shot by Éric Belanger.
19:12 of 3rd period - Goal by Éric Belanger - Blues : 3 - Canadiens : 3.
19:12 of 3rd period - Tim Thomas from Blues was sent back in the game.
19:13 of 3rd period - Jamie Lundmark wins face-off versus Matthew Lombardi in neutral zone.
19:40 of 3rd period - Tomas Kloucek is hit by Paul Kariya and loses puck.
Overtime #1
0:01 of 1st overtime period - Robert Nilsson wins face-off versus Paul Kariya in neutral zone.
0:43 of 1st overtime period - Slapshot by Ryane Clowe.
0:43 of 1st overtime period - Goal by Ryane Clowe - Blues : 3 - Canadiens : 4.
Output by the SimonT Hockey Simulator (STHS) for François Prévost -- Original Page W3C XHTML 1.0 Valid